Map: Помечтай РВ

Players

IIIIIIIIIIII

  • Race: Protoss Protoss
  • League: Grandmaster
  • Spawn Location: 7:00

MindelVK - Winner!

  • Race: Protoss Protoss
  • League: Grandmaster
  • Spawn Location: 1:00

VOD

https://youtu.be/qmYmOHM9qaY

Description

Time

  • Played on: June 22, 2020, 1:17 p.m.
  • Length: 9:38
Show
View Real Time Build Order
Export as new Build Order

IIIIIIIIIIII Protoss 

Build Orders: Archon Immortal 

Get SALT Encoding   

  12  0:00  Probe  
  13  0:12  Probe  
  14  0:18  Pylon  
  14  0:23  Probe  
  15  0:32  Probe  
  15  0:38  Gateway  
  15  0:40  Probe  
  16  0:46  Assimilator  
  17  0:52  Probe  
  17  0:54  Assimilator  
  18  1:00  Probe  
  18  1:08  Probe, Gateway  
  20  1:19  Probe  
  20  1:24  Cybernetics Core  
  21  1:31  Probe  
  22  1:37  Pylon  
  22  1:43  Probe  
  23  1:55  Probe  
  23  2:00  Stalker  
  23  2:01  Warp Gate, Stalker  
  28  2:08  Probe  
  29  2:11  Pylon  
  29  2:19  Pylon  
  29  2:42  Nexus  
  29  2:47  Sentry x2  
  29  2:50  Probe  
  34  2:57  Pylon  
  34  2:58  Probe  
  35  3:06  Probe  
  36  3:13  Robotics Facility  
  36  3:15  Probe  
  36  3:18  Sentry  
  39  3:23  Probe  
  40  3:28  Stalker  
  40  3:31  Probe  
  43  3:43  Probe  
  44  3:50  Probe  
  44  3:54  Stalker  
  47  3:56  Probe  
  47  3:58  Probe, Forge  
  47  4:01  Observer  
  50  4:07  Probe  
  50  4:08  Probe  
  51  4:15  Probe  
  52  4:19  Assimilator  
  52  4:20  Probe  
  52  4:21  Assimilator  
  52  4:23  Probe  
  54  4:28  Immortal  
  59  4:32  Pylon  
  59  4:34  Protoss Ground Weapons Level 1  
  60  4:39  Shield Battery  
  60  4:40  Probe  
  60  4:43  Probe  
  62  4:52  Probe  
  62  4:57  Immortal  
  62  4:58  Probe  
  62  4:59  Twilight Council  
  63  5:02  Pylon  
  68  5:10  Probe  
  67  5:15  Probe  
  66  5:23  Probe  
  66  5:27  Probe  
  68  5:29  Gateway  
  68  5:30  Immortal  
  68  5:33  Gateway  
  68  5:37  Adept x2  
  77  5:42  Probe  
  77  5:50  Templar Archives  
  77  5:52  Pylon  
  77  6:06  Nexus  
  77  6:08  Immortal  
  77  6:34  Gateway  
  77  6:35  Gateway  
  77  6:36  Zealot x2  
  77  6:43  Gateway  
  77  6:45  Protoss Ground Weapons Level 2, Immortal, Gateway  
  73  7:11  Immortal  
  69  7:17  Zealot x4  
  67  7:24  Nexus  
  67  7:30  Charge  
  67  7:32  Zealot x2  
  67  7:37  Nexus  
  66  7:45  High Templar x4  
  66  7:46  Zealot x2  
  66  7:48  Immortal  
  66  7:49  Archon  
  66  7:50  Archon  
  68  8:01  Zealot x2  
  68  8:15  High Templar x2  
  72  8:21  Archon, High Templar x2  
  72  8:22  Zealot  
  72  8:25  Pylon  
  78  8:27  Archon  
  78  8:29  Pylon  
  72  8:37  Immortal  
  72  8:38  Zealot x3  
  74  8:50  Zealot  
  68  9:03  Probe x2  
  68  9:08  High Templar x2  
  68  9:09  Zealot  
  70  9:10  Zealot x3  
  70  9:13  High Templar  
  70  9:15  Zealot  
  72  9:17  Archon  
  60  9:32  Zealot x2  
  60  9:34  Zealot  
  60  9:35  Zealot  
Show
View Real Time Build Order
Export as new Build Order

MindelVK Protoss - Winner!

Build Orders: Blink Stalkers 

Get SALT Encoding   

  12  0:01  Probe  
  13  0:13  Probe  
  14  0:17  Pylon  
  14  0:24  Probe  
  15  0:32  Probe  
  15  0:37  Gateway  
  15  0:40  Probe  
  16  0:46  Assimilator  
  17  0:51  Probe  
  17  0:55  Assimilator  
  18  1:01  Probe  
  19  1:08  Gateway  
  19  1:09  Probe  
  19  1:18  Probe  
  21  1:26  Cybernetics Core  
  21  1:30  Probe  
  22  1:36  Pylon  
  22  1:42  Probe  
  23  1:54  Probe  
  24  2:02  Stalker  
  24  2:03  Sentry, Warp Gate  
  24  2:06  Probe  
  29  2:12  Pylon  
  29  2:24  Pylon  
  29  2:25  Probe  
  30  2:33  Stalker  
  32  2:37  Twilight Council  
  32  2:39  Stalker  
  34  2:46  Shield Battery  
  34  2:51  Probe  
  35  3:17  Nexus  
  35  3:22  Blink  
  35  3:25  Probe  
  36  3:36  Probe  
  37  3:44  Probe  
  37  3:45  Pylon  
  37  3:47  Forge  
  38  3:52  Probe  
  38  3:57  Protoss Ground Weapons Level 1  
  39  4:03  Probe  
  40  4:11  Probe  
  41  4:18  Adept x2  
  41  4:19  Probe  
  46  4:26  Probe  
  46  4:28  Pylon  
  46  4:30  Probe  
  47  4:34  Probe  
  49  4:42  Probe  
  49  4:44  Probe  
  50  4:52  Gateway x2  
  51  4:55  Probe  
  51  4:56  Assimilator  
  51  4:57  Pylon  
  52  5:01  Stalker  
  52  5:06  Stalker  
  54  5:27  Gateway  
  54  5:28  Gateway, Stalker  
  54  5:29  Probe x2  
  54  5:32  Stalker  
  58  5:40  Pylon  
  58  5:41  Probe  
  59  5:51  Stalker x3  
  65  5:57  Pylon  
  65  5:58  Protoss Ground Weapons Level 2  
  65  5:59  Probe  
  66  6:11  Stalker  
  68  6:19  Stalker x2  
  71  6:37  Stalker x2  
  71  6:38  Pylon  
  75  6:43  Probe x2, Nexus  
  75  6:45  Stalker x2  
  67  7:20  Stalker x6  
  77  7:26  Robotics Facility  
  75  7:30  Photon Cannon  
  73  7:37  Probe  
  73  7:38  Probe  
  75  7:48  Photon Cannon  
  73  7:59  Stalker x6  
  73  8:02  Probe x2  
  73  8:03  Probe  
  84  8:14  Probe x2  
  84  8:15  Probe, Observer  
  84  8:18  Pylon  
  88  8:26  Probe  
  89  8:27  Probe  
  82  8:41  Stalker x6  
  82  8:46  Photon Cannon  
  82  8:48  Shield Battery  
  94  8:55  Probe  
  94  8:56  Probe  
  94  8:58  Assimilator  
  94  9:08  Probe  
  85  9:27  Stalker x5  
  85  9:28  Stalker  
Tags
 
Add a new tag
Caveats
  • Supply blocks, unpowered buildings, or Contaminate may cause inaccurate times.
  • Supply counts are checked every 10 seconds.